 Dungeon Crawl Stone Soup version 0.30-a0-575-g6f4a10e2d2 (webtiles) character file.

Game seed: 12316129268952196208

18 Bnni the Vexing (level 2, -4/21 HPs)
             Began as a Formicid Hexslinger on Dec 30, 2022.
             Killed by nerve-wracking pain
             ... invoked by Jessica
              (6 damage)
             ... on level 2 of the Dungeon.
             The game lasted 00:00:59 (552 turns).

Bnni the Vexing (Formicid Hexslinger)                Turns: 552, Time: 00:01:00

Health: -4/21      AC:  8    Str: 13 (14) XL:     2   Next: 90%
Magic:  3/4        EV:  6    Int:  9 (12) God:
Gold:   56         SH:  0    Dex: 13 (14) Spells: 2/3 levels left

rFire   + . .      SeeInvis +    e - +6 dagger
rCold   . . .      Faith    .    (no shield)
rNeg    . . .      Spirit   .    h - +0 chain mail {rF+}
rPois   .          Reflect  .    (helmet unavailable)
rElec   .          Harm     .    (no cloak)
rCorr   .          Rampage  .    (no gloves)
Will    .....                    (no boots) Stlth
                                 (no amulet)
HPRegen 0.23/turn                (no ring)
MPRegen 0.09/turn                (no ring)

@: very slightly contaminated
A: permanent stasis, dig shafts and tunnels, antennae 3, four strong arms
a: Dig, Shaft Self


You were on level 2 of the Dungeon.
You visited 1 branch of the dungeon, and saw 2 of its levels.

You collected 56 gold pieces.

Inventory:

Hand Weapons
 a - a +1 sling
 e - a +6 dagger (weapon)
Missiles
 k - 2 poisoned darts
Armour
 c - a +0 robe
 h - a +0 chain mail of fire resistance (worn)
Jewellery
 d - a ring of magical power
Scrolls
 b - a scroll of poison
 i - 2 scrolls of identify {unknown}
 j - a scroll of blinking {unknown}
Potions
 f - 3 potions of degeneration


   Skills:
 + Level 1.3 Fighting
 * Level 2.4 Ranged Weapons
 - Level 1.7 Dodging
 + Level 1.3 Spellcasting
 * Level 4.0 Hexes
 + Level 0.5 Fire Magic


You had 2 spell levels left.
You knew the following spells:

 Your Spells              Type           Power      Damage    Failure   Level
a - Slow                  Hex            28%        N/A       95%         1

Your spell library contained the following spells:

 Spells                   Type           Power      Damage    Failure   Level
 Inner Flame              Hex/Fire       4%         N/A       100%        3
 Portal Projectile        Hex/Tloc       8%         N/A       100%        3
 Cause Fear               Hex            3%         N/A       100%        4


Dungeon Overview and Level Annotations

Branches:
Dungeon (2/15)

Altars:

Annotations:
D:2 Jessica


Innate Abilities, Weirdness & Mutations

You cannot be hasted, slowed, berserked, paralysed or teleported.
You can dig through walls and to a lower floor.
You have a pair of large antennae on your head. (SInv)
Your four strong arms can wield two-handed weapons with a shield.


Message History

The goblin is moderately wounded.
The goblin hits you with a +0 club.
You puncture the goblin!
You kill the goblin!
Jessica mumbles some strange words.
Jessica seems to speed up.
A jackal comes into view.
The jackal barks!
Jessica points at you and mumbles some strange words.
Pain shoots through your body!
Ouch! That really hurt!
* * * LOW HITPOINT WARNING * * *
Things that are here:
a +0 club; 10 gold pieces You are too injured to fight recklessly!
You are too injured to fight recklessly!
Press: ? - help, v - describe, . - travel
Here: Jessica, wielding a +6 club and wearing a +0 robe (fast)
The floor.
Unknown command.
Casting: Slow (safe; 86% risk of failure)
Confirm with . or Enter, or press ? or * to list all spells.
Aiming: Slow (safe; 86% risk of failure)
Press: ? - help, Shift-Dir - straight line, f - Jessica
Aim: Jessica, wielding a +6 club and wearing a +0 robe (fast, chance to affect: 52%)
You miscast Slow.
You are very lightly contaminated with residual magic.
Nothing appears to happen.
Jessica gestures at you while chanting. Pain shoots through your body!
* * * LOW HITPOINT WARNING * * *
It was a potion of degeneration.
There was something very wrong with that liquid.
You feel weakened.
You feel dopey.
You feel clumsy.
It was a potion of haste.
Your stasis prevents you from being hasted.
Jessica shouts, "Stop bothering me, or I'll kill you!"
Jessica gestures at you while chanting. Pain shoots through your body!
You die...

#..... #....# .....# #
..... .. #h.. .# # #@.
.. #.##.##.# #...@..!#
####.#### ####.####
#.......#
######.##.##.##########
........#.##.##.(......
...#..#.......#.#####
##.#..####.##...#
#....####.######


You could see Jessica (fast) and a jackal.

Vanquished Creatures
  A dart slug (D:1)
  A ball python (D:1)
  A giant cockroach (D:1)
  6 goblins
  A hobgoblin (D:1)
  2 kobolds (D:1)
  A quokka (D:1)
  A frilled lizard (D:1)
  A rat (D:1)
15 creatures vanquished.

Notes
Turn   | Place    | Note
-------+----------+-------------------------------------------
     0 | D:1      | Bnni the Formicid Hexslinger began the quest for the Orb.
     0 | D:1      | Reached XP level 1. HP: 15/15 MP: 2/2
   103 | D:1      | Reached XP level 2. HP: 21/21 MP: 3/3
   404 | D:1      | Reached skill level 4 in Hexes
   545 | D:2      | Noticed Jessica
   550 | D:2      | HP: 1/21 [Jessica/nerve-wracking pain (4)]
   552 | D:2      | Killed from afar by Jessica

Illustrated notes

Levels and vault maps discovered:
D:1:      lemuel_arrival_lava_pool, layout_basic
D:2:      layout_loops_cross, basic_altar, uniq_robin, uniq_jessica

Skill      XL: |  1  2 |
---------------+-------+-----
Hexes          | 4 |  4.0
Fighting       | |  1.3
Ranged Weapons | |  2.4
Dodging        | |  1.7
Spellcasting   | |  1.3
Fire Magic     | |  0.5

Action                   || total
-------------------------++-------
Melee: Dagger            ||    24
 Fire: Sling             ||    18
  Use: Potion            ||     2
Armor: Robe              ||     2
       Chain mail        ||    13
Dodge: Dodged            ||    10

Table legend: (Time is in decaauts)
 A = Elapsed time spent in this place.
 B = Non-inter-level travel time spent in this place.
 C = Inter-level travel time spent in this place.
 D = Time resting spent in this place.
 E = Time spent auto-exploring this place.
 F = Levels seen in this place.
 G = Mean time per level.
                   A        B        C        D        E       F      G
               +--------+--------+--------+--------+--------+-----+--------+
         Total |    556 |    530 |     26 |      0 |    410 |   2 |  278.0 |
       Dungeon |    556 |    530 |     26 |      0 |    410 |   2 |  278.0 |
               +--------+--------+--------+--------+--------+-----+--------+

Top non-repeatable levels by time:
     D:1: 517 daAuts
     D:2: 38 daAuts
